 Dungeon Crawl Stone Soup version 0.21-a0-110-g8e1637b (webtiles) character file.

43 sagitran the Skirmisher (level 3, 0/30 HPs)
             Began as a Demonspawn Abyssal Knight on July 10, 2017.
             Was a Follower of Lugonu.
             Slain by a goblin (3 damage)
             ... on level 1 of the Dungeon.
             The game lasted 00:05:31 (441 turns).

sagitran the Skirmisher (Demonspawn Abyssal Knight)  Turns: 441, Time: 00:05:32

Health: 0/30       AC:  1    Str: 13    XL:     3   Next: 37%
Magic:  5/5        EV: 11    Int: 13    God:    Lugonu [*.....]
Gold:   125        SH:  3    Dex: 12    Spells: 2/2 levels left

rFire    . . .     SeeInvis .   a - +1 falchion
rCold    . . .     Gourm    .   i - +0 buckler
rNeg     . . .     Faith    .   k - -1 robe (curse)
rPois    .         Spirit   .   (no helmet)
rElec    .         Reflect  .   (no cloak)
rCorr    .         Harm     .   (no gloves)
MR       .....                  (no boots)
Stlth    +.........             (no amulet)
HPRegen  0.10/turn              (no ring)
MPRegen  0.09/turn              (no ring)

@: no status effects
A: hooves 1
a: Depart the Abyss, Renounce Religion


You were on level 1 of the Dungeon.
You worshipped Lugonu.
Lugonu was aware of your devotion.
You were not hungry.

You visited 1 branch of the dungeon, and saw 3 of its levels.
You visited the Abyss 1 time.

You collected 125 gold pieces.

Inventory:

Hand Weapons
 a - a +1 falchion (weapon)
Missiles
 g - 12 stones (quivered)
Armour
 b - a +0 leather armour
 f - a +0 ring mail
 i - a +0 buckler (worn)
 k - a cursed -1 robe (worn)
Scrolls
 e - a scroll of identify
 j - a scroll of immolation
Potions
 d - a potion of mutation
 h - a potion of curing
Comestibles
 c - 2 bread rations


   Skills:
 + Level 3.7 Fighting
 + Level 1.9 Long Blades
 + Level 2.4 Armour
 + Level 1.1 Dodging
 + Level 2.8 Invocations


You had 2 spell levels left.
You didn't know any spells.

Dungeon Overview and Level Annotations

Branches:
Dungeon (3/15)

Altars:


Innate Abilities, Weirdness & Mutations

You have large cloven feet.


Message History

* * * LOW HITPOINT WARNING * * *
Okay, then.
You hit the goblin.
You kill the goblin!
Lugonu accepts your kill. The kobold hits you with a short sword.
* * * LOW HITPOINT WARNING * * *
You hit the kobold.
You kill the kobold!
Lugonu accepts your kill.
You closely miss the hobgoblin. You kick the hobgoblin.
The hobgoblin is almost dead.
The goblin misses you. The hobgoblin closely misses you. The goblin hits you.
* * * LOW HITPOINT WARNING * * *
You hit the hobgoblin.
You kill the hobgoblin!
Lugonu accepts your kill. The goblin hits you.
You die...

#....$ .# ..... .# ...###.##
#......### .## ##[.†....# ...
##...#..... #.. #..).## ###
#.#######g#)..# #
#########.##....@)....### ####.#
..........##.......)....###......
...........#..............^..###.
.........#.#..............#......
..................######.........
######..##.####.#............###.
##.##...##.#######..........
#.##...#..######..##...#...
#..#......>................


You could see a goblin.

Vanquished Creatures
  2 gnolls (D:1)
  An adder (D:2)
  A dart slug (D:2)
  A bat (D:1)
  A giant cockroach (D:1)
  3 goblins (D:1)
  A hobgoblin (D:1)
  A kobold (D:1)
  A ball python (D:2)
  A rat (D:1)
13 creatures vanquished.

Notes
Turn   | Place    | Note
-------+----------+-------------------------------------------
     0 | Abyss:1  | sagitran the Demonspawn Abyssal Knight began the quest for the Orb.
     0 | Abyss:1  | Reached XP level 1. HP: 18/18 MP: 2/2
    30 | D:1      | Escaped the Abyss
   105 | D:1      | Reached skill level 1 in Dodging
   105 | D:1      | Gained mutation: You have large cloven feet. [demonic ancestry]
   105 | D:1      | Reached XP level 2. HP: 17/24 MP: 3/3
   336 | D:2      | Reached XP level 3. HP: 26/29 MP: 5/5
   441 | D:1      | Slain by a goblin

Vault maps used:
D:1:      lemuel_arrival_broad_hall, minmay_pentomino_q2
D:2:      chequers_ecumenical_altar_island, kennysheep_jessica_study,
          uniq_jessica
D:3:      old_standard_altar, lemuel_round_altar, corexii_leaking_fountain
Abyss:1:  abyss_exit_lava, evilmike_abyss_exit_mutagenic

Skill      XL: |  1 |
---------------+----+-----
Armour         | 2 |  2.4
Dodging        | 1 |  1.1
Fighting       | |  3.7
Long Blades    | |  1.9
Invocations    | |  2.8

Action                   || total
-------------------------++-------
Melee: Falchion          ||    38
       Kick              ||     6
  Use: Scroll            ||     3
Armor: Ring mail         ||    16
       Robe              ||     1
Dodge: Dodged            ||    23
       Rpst.: Falchion   ||     2
